 Dungeon Crawl Stone Soup version 0.14-a0-1761-gdbd231b (webtiles) character file.

228 M4edhros the Twirler (level 4, -1/31 HPs)
             Began as an Octopode Gladiator on Jan 4, 2014.
             Slain by Crazy Yiuf
             ... wielding a +2,+3 quarterstaff of chaos
              (13 damage)
             ... on Level 3 of the Dungeon.
             The game lasted 00:02:30 (1869 turns).

M4edhros the Twirler (Octopode Gladiator)           Turns: 1869, Time: 00:02:31

HP  -1/31        AC  1     Str 14      XL: 4   Next: 91%
MP   4/4         EV 13     Int 16      God:
Gold 118         SH  0     Dex 12      Spells:  0 memorised,  3 levels left

rFire  . . .     SeeInvis .     a - +0 quarterstaff
rCold  . . .     Clarity  .     (no shield)
rNeg   . . .     Conserve .     c - +0 cap
rPois  .         rCorr    .     (no amulet)
rElec  .         rRot     .     (no ring)
SustAb . .       Spirit   .     (no ring)
rMut   .         Warding  .     (no ring)
Saprov . . .     Stasis   .     (no ring)
                                (no ring)
                                (no ring)
                                (no ring)
                                (no ring)

@: brilliant, slightly resistant to hostile enchantments, fairly stealthy
A: almost no armour, amphibious, 8 rings, constrict 8, camouflage 1, gelatinous
body 1
a: no special abilities


You were on level 3 of the Dungeon.
You were hungry.

You visited 1 branch of the dungeon, and saw 3 of its levels.

You collected 118 gold pieces.

Inventory:

Hand weapons
 a - a +0,+0 quarterstaff (weapon)
Missiles
 d - 3 throwing nets (quivered)
Armour
 c - a +0 cap (worn)
Comestibles
 f - 2 bread rations
 k - a pear
Scrolls
 b - 2 scrolls of remove curse {unknown}
 e - 2 scrolls of teleportation {unknown}
 j - 2 scrolls of curse armour {unknown}
 m - a scroll of identify {unknown}
 p - a scroll of random uselessness {unknown}
Potions
 h - a potion of might {unknown}
 i - a potion of degeneration {unknown}
 l - a potion of restore abilities {unknown}
 n - 2 potions of curing {unknown}
 o - a potion of agility {unknown}


   Skills:
 + Level 3.0 Fighting
 + Level 4.0 Staves
 - Level 2.0 Throwing
 + Level 4.0 Dodging


You had 3 spell levels left.
You didn't know any spells.

Dungeon Overview and Level Annotations

Branches:
Dungeon (3/16)

Altars:

Annotations:
D:3 Crazy Yiuf


Innate Abilities, Weirdness & Mutations

You cannot wear most types of armour.
You are amphibious.
You can wear up to eight rings at the same time.
You can use your tentacles to constrict many enemies at once.
Your skin changes colour to match your surroundings (Stlth).
Your rubbery body absorbs attacks (AC +1).


Message History

Drink which item? (? for menu, Esc to quit)
You feel clever all of a sudden.
It was a potion of brilliance.
Crazy Yiuf barely misses you.
You hit Crazy Yiuf but do no damage. You grab Crazy Yiuf.
Crazy Yiuf is lightly wounded.
You constrict Crazy Yiuf, but do no damage.
Crazy Yiuf closely misses you.
You hit Crazy Yiuf.
Crazy Yiuf is moderately wounded.
You constrict Crazy Yiuf. Crazy Yiuf closely misses you.
You hit Crazy Yiuf.
Crazy Yiuf is severely wounded.
You constrict Crazy Yiuf. Crazy Yiuf completely misses you.
You hit Crazy Yiuf.
You squeeze Crazy Yiuf, but do no damage.
Crazy Yiuf is almost dead.
You constrict Crazy Yiuf.
Crazy Yiuf hits you with a quarterstaff of chaos.
You are electrocuted!
You die...

#........#
#############........#
............'........#
#############...)....#
#........# #........#
#>.......# ####'######♣♣♣
#@g#####♣♣♣♣ ♣# #
##..#.#..♣♣♣♣♣♣#..
##.......♣♣♣♣.... #######
#.#......♣..♣#
......############.###...♣.♣♣♣#
)....('.#............##♣♣♣♣♣♣♣♣
......#.#............##♣♣♣♣♣♣
......#..............###
......###..............#


You could see Crazy Yiuf.

Vanquished Creatures
  An iguana (D:3)
  Terence (D:3)
  An adder (D:2)
  A giant gecko (D:3)
  An ooze (D:2)
  6 orcs (D:3)
  A giant cockroach (D:1)
  3 goblins
  12 hobgoblins
  2 jackals (D:1)
  4 kobolds
  8 bats
  A giant newt (D:1)
  8 rats
50 creatures vanquished.

Notes
Turn   | Place    | Note
--------------------------------------------------------------
     0 | D:1      | M4edhros, the Octopode Gladiator, began the quest for the Orb.
     0 | D:1      | Reached XP level 1. HP: 14/14 MP: 1/1
   170 | D:1      | Reached XP level 2. HP: 14/19 MP: 2/2
   933 | D:2      | Reached XP level 3. HP: 25/25 MP: 3/3
  1355 | D:3      | Reached XP level 4. HP: 18/30 MP: 4/4
  1539 | D:3      | Noticed Terence
  1550 | D:3      | Killed Terence
  1559 | D:3      | Reached skill level 4 in Staves
  1848 | D:3      | Noticed Crazy Yiuf
  1869 | D:3      | Slain by Crazy Yiuf

Action                   |  1- 3 |  4- 6 || total
-------------------------+-------+-------++-------
Melee: Quarterstaff      |    71 |    32 ||   103
  Use: Potion            |       |     3 ||     3
 Stab: Sleeping          |    10 |     2 ||    12
